 Dungeon Crawl Stone Soup version 0.28-a0-1143-gcf6077d4cc (webtiles) character file.

Game seed: 16765547407570113481

0 spaghetti the Sneak (level 1, -12/18 HPs)
             Began as a Mummy Delver on Dec 14, 2021.
             Mangled by Menkaure (21 damage)
             ... on level 5 of the Dungeon.
             The game lasted 00:00:38 (175 turns).

spaghetti the Sneak (Mummy Delver)                   Turns: 175, Time: 00:00:38

Health: -12/18     AC:  3    Str: 15    XL:     1   Next: 0%
Magic:  1/1        EV: 11    Int:  9    God:
Gold:   19         SH:  0    Dex: 13    Spells: 0/0 levels left

rFire   x . .      SeeInvis .     - Unarmed
rCold   + . .      Faith    .   (no shield)
rNeg    + + +      Spirit   .   a - +0 leather armour
rPois   ∞          Reflect  .   (no helmet)
rElec   .          Harm     .   (no cloak)
rCorr   .          Rampage  .   (no gloves)
Will    .....                   (no boots)
Stlth   ++........              (no amulet)
HPRegen 0.06/turn               (no ring)
MPRegen 0.07/turn               (no ring)

@: no status effects
A: cold resistance 1, negative energy resistance 3, torment resistance 2, heat
vulnerability 1, no potions
a: no special abilities


You were on level 5 of the Dungeon.
You visited 1 branch of the dungeon, and saw 3 of its levels.

You collected 19 gold pieces.


Innate Abilities, Weirdness & Mutations

You are immune to poison.
Your flesh is cold resistant. (rC+)
You are immune to negative energy. (rN+++)
You are immune to unholy pain and torment.
You are vulnerable to heat. (rF-)
You do not drink.


   Skills:
 - Level 3.0 Fighting
 - Level 1.5 Dodging
 + Level 4.1 Stealth
 - Level 1.5 Unarmed Combat


You couldn't memorise any spells.
You didn't know any spells.
Your spell library was empty.

Inventory:

Armour
 a - a +0 leather armour (worn)
Wands
 e - a wand of digging (3)
Scrolls
 b - a scroll of fog
 c - a scroll of magic mapping {!r}
 d - a scroll of fear

Dungeon Overview and Level Annotations

Branches:
Dungeon (6/15)
 Temple: D:4-7

Altars:

Shops:
D:4 (

Annotations:
D:5 Menkaure

+(...!....'.......#
#.........####...####.#
##.......## ##.......#
##.....## ##.######
##...## #.# ##'## #.#
#.# #.# #.# #M# ##.##
######@# ##...##
#.....<# #.....#
#.###### ####...####.
........!...
...##.###### ...##.#
#####.# #.#


You could see Menkaure.


Message History

🤖 Initializing magus.rc ...
Options error: Delay interrupt name "hungry" not recognised. (~/.crawlrc:4771) ✅ Successfully initialized magus.rc [v1.9.6] Welcome, spaghetti the Mummy Delver.
The heart of this dungeon contains the legendary artefact, the Orb of Zot.
Press ? for a list of commands and other information.
Found a stone staircase leading down.
You climb downwards.
You hear the sound of rushing water.
There is an entrance to a sewer on this level.
Hurry and find it before the portal rusts away!
There is a stone staircase leading up here.
Unknown command.
Unknown command.
Unknown command.
You climb upwards.
There is a stone staircase leading down here.
You now have 19 gold pieces.
f - a scroll labelled RAECYF LOSHARR
As you read the scroll labelled RAECYF LOSHARR, it crumbles to dust.
You hear a loud clanging noise!
It was a scroll of noise.
You hear a shout! x2
Unknown command.
Unknown command.
You open the door.
There is an open door here.
f - a scroll labelled GIRPHA ZITHOTOPOUS
As you read the scroll labelled GIRPHA ZITHOTOPOUS, it crumbles to dust.
It is a scroll of identify.
You don't have any unidentified items.
Unknown command.
You open the door.
There is an open door here.
Menkaure, Prince of Dust comes into view.
Menkaure mumbles some strange words.
Menkaure seems to speed up.
Unknown command.
There is an open door here.
Found a stone staircase leading up.
There is a stone staircase leading up here.
You climb upwards.
Found Zetohops's Antique Weapon Shoppe.
There is a stone staircase leading down here.
Unknown command.
Unknown command.
You start waiting.
Done waiting.
Unknown command.
There is an entrance to Zetohops's Antique Weapon Shoppe here.
You can access your shopping list by pressing '$'.
Unknown command.
Done exploring.
There is a stone staircase leading down here.
Unknown command.
There is a stone staircase leading down here.
You climb downwards.
Level annotation: Menkaure
There is a stone staircase leading up here.
Unknown command.
Unknown command.
Okay, then.
You can't drink.
You hit Menkaure but do no damage. Menkaure closely misses you.
You hit Menkaure. Menkaure hits you!
Ouch! That really hurt!
* * * LOW HITPOINT WARNING * * *
😨 HP[-9]
You take 9 damage, and now have 9/18 hp.
MASSIVE DAMAGE!! (PAUSE) Unknown command.
Unknown command.
You can't drink.
Okay, then.
You hit Menkaure. Menkaure hits you!!
Ouch! That really hurt!
You die...

Action                   || total
-------------------------++-------
Melee: Unarmed           ||     3
  Use: Scroll            ||     2
Dodge: Dodged            ||     1

Levels and vault maps discovered:
D:4:      layout_loops_ring, kennysheep_mini, serial_shops,
          nicolae_take_the_stairs, amcnicky_mini_rare_corridor_liquid,
          kennysheep_path_1
D:5:      layout_loops_corners, ashenzari_conservatory_becter,
          hangedman_decor_lopped, supply_closet_lemuel, serial_bayou_pond_c,
          uniq_eustachio, uniq_blork_the_orc, uniq_grinder, uniq_menkaure
D:6:      layout_basic, nicolae_overflow_crystal_walls,
          minmay_temple_entry_drinking_statues, gup_sewer_entry_bowl,
          lightli_corner_chamber, uniq_sigmund, uniq_maggie, uniq_duvessa

Notes
Turn   | Place    | Note
-------+----------+-------------------------------------------
     0 | D:5      | spaghetti the Mummy Delver began the quest for the Orb.
     0 | D:5      | Reached XP level 1. HP: 18/18 MP: 1/1
     0 | D:5      | magus.rc [v1.9.6]
    45 | D:5      | Noticed Menkaure
    63 | D:4      | Found Zetohops's Antique Weapon Shoppe.
   175 | D:5      | Mangled by Menkaure

Vanquished Creatures (others)
  2 plants (D:5)
2 creatures vanquished.

Table legend:
 A = Non-vault XP
 B = Vault XP
 C = Vault XP percentage of total XP
 D = Non-vault monster count
 E = Vault monster count
 F = Vault count percentage of total count
                 A         B        C        D         E       F
            +---------+---------+-------+---------+---------+-------
      Total |       0 |       0 |   N/A |       0 |       0 |  -nan
            +---------+---------+-------+---------+---------+-------
            +---------+---------+-------+---------+---------+-------

Illustrated notes

Table legend: (Time is in decaauts)
 A = Elapsed time spent in this place.
 B = Non-inter-level travel time spent in this place.
 C = Inter-level travel time spent in this place.
 D = Time resting spent in this place.
 E = Time spent auto-exploring this place.
 F = Levels seen in this place.
 G = Mean time per level.
                   A        B        C        D        E       F      G
               +--------+--------+--------+--------+--------+-----+--------+
         Total |    175 |    175 |      0 |    100 |     37 |   3 |   58.3 |
       Dungeon |    175 |    175 |      0 |    100 |     37 |   3 |   58.3 |
               +--------+--------+--------+--------+--------+-----+--------+

Top non-repeatable levels by time:
     D:4: 107 daAuts
     D:5: 65 daAuts
     D:6: 1 daAuts
